 Dungeon Crawl Stone Soup version 0.30.1-3-gfc49f6343a (webtiles) character file.

Game seed: 8330083040247281568

3106 CaptainMV the Chiller (level 9, -4/65 HPs)
             Began as a Demonspawn Wanderer on July 20, 2023.
             Was a Follower of Vehumet.
             Slain by a death yak (19 damage)
             ... on level 8 of the Dungeon on July 21, 2023.
             The game lasted 01:06:08 (5631 turns).

CaptainMV the Chiller (Demonspawn Wanderer)         Turns: 5631, Time: 01:06:08

Health: -4/65      AC:  7    Str:  9    XL:     9   Next: 60%
Magic:  12/17      EV: 13    Int: 17    God:    Vehumet [*.....]
Gold:   1639       SH:  0    Dex: 17    Spells: 8/18 levels left

rFire   + + +        a - +0 dagger (speed)
rCold   . . .        (no shield)
rNeg    . . .        u - +2 robe {rC+ rF+}
rPois   .            (no helmet)
rElec   .            C - scarf {+Inv}
rCorr   .            (no gloves)
SInv    .            n - +0 pair of boots
Will    .....        (no amulet)
Stlth   +++          v - ring of protection from fire
HPRegen 0.30/turn    E - ring of fire
MPRegen 0.15/turn

%: no passive effects
@: no status effects
A: claws 2, slimy green scales 1, demonic magic 1
a: Renounce Religion, Evoke Invisibility


You were on level 8 of the Dungeon.
You worshipped Vehumet.
Vehumet was aware of your devotion.
You visited 2 branches of the dungeon, and saw 10 of its levels.
You also visited: Ossuary.

You collected 1639 gold pieces.

Inventory:

Hand Weapons
 a - a +0 dagger of speed (weapon)
 b - a +1 quarterstaff
Missiles
 x - 4 poisoned darts (quivered)
Armour
 c - a +0 robe
 n - a +0 pair of boots (worn)
 u - a +2 robe of resistance (worn)
 C - a scarf of invisibility (worn)
Jewellery
 r - an amulet of the acrobat
 v - a ring of protection from fire (left claw)
 D - a ring of willpower
 E - a ring of fire (right claw)
 F - a ring of protection from cold
Wands
 p - a wand of iceblast (17)
 q - a wand of charming (6)
 w - a wand of acid (10)
 A - a wand of flame (2)
Scrolls
 d - a scroll of fear
 g - 4 scrolls of immolation
 i - 6 scrolls of teleportation
 t - 3 scrolls of amnesia
 y - a scroll of noise
 z - a scroll of fog
 B - 2 scrolls of identify
Potions
 e - 2 potions of curing
 f - 2 potions of magic
 h - 2 potions of degeneration {unknown}
 j - 4 potions of flight
 k - 3 potions of might
 l - a potion of attraction {unknown}
 m - 3 potions of invisibility
 o - 4 potions of brilliance
 s - 3 potions of heal wounds {unknown}


   Skills:
 + Level 4.1 Fighting
 + Level 4.0 Short Blades
 + Level 1.1 Staves
 + Level 3.5 Dodging
 + Level 6.6 Stealth
 + Level 5.4 Spellcasting
 + Level 2.3 Conjurations
 + Level 0.4 Hexes
 + Level 0.7 Translocations
 + Level 0.3 Fire Magic
 + Level 6.7 Ice Magic
 + Level 2.1 Air Magic
 + Level 0.2 Evocations


You had 8 spell levels left.
You knew the following spells:

 Your Spells              Type           Power      Damage    Failure   Level
a - Freeze                Ice            100%       1d10      1%          1
b - Hailstorm             Conj/Ice       19%        3d6       6%          3
c - Vhi's Electric Charg  Tloc/Air       18%        N/A       22%         3
d - Inner Flame           Hex/Fire       9%         N/A       34%         3

Your spell library contained the following spells:

 Spells                   Type           Power      Damage    Failure   Level
 Magic Dart               Conj           48%        1d5       5%          1
 Ensorcelled Hibernation  Hex/Ice        32%        N/A       4%          2
 Beastly Appendage        Tmut           8%         N/A       14%         1
 Lesser Beckoning         Tloc           14%        N/A       16%         2
 Wereblood                Tmut           4%         N/A       21%         2
 Gell's Gravitas          Tloc           7%         N/A       30%         3
 Teleport Other           Tloc           7%         N/A       30%         3
 Portal Projectile        Hex/Tloc       12%        N/A       32%         3
 Call Canine Familiar     Summ           4%         N/A       38%         3
 Spider Form              Tmut/Pois      4%         N/A       38%         3
 Leda's Liquefaction      Hex/Erth       2%         N/A       77%         4
 Arcjolt                  Conj/Air       6%         1d16      83%         5
 Yara's Violent Unravell  Hex/Tmut       2%         3d3       98%         5
 Plasma Beam              Fire/Air       6%         2x1d18    100%        6
 Enfeeble                 Hex            3%         N/A       100%        7


Dungeon Overview and Level Annotations

Branches:
Dungeon (9/15)             Temple (1/1) D:7            Lair (0/5) D:9
Ossuary (visited)
    Orc: D:9-12

Altars:
Ashenzari
Kikubaaqudgha
Makhleb
Okawaru
Qazlal
Vehumet
Wu Jian
Xom

Shops:
D:7 !


Innate Abilities, Weirdness & Mutations

You have very sharp fingernails.
You are partially covered in slimy green scales. (AC +2)
Spells you cast may paralyse adjacent enemies.


Message History

The helpless black bear fails to defend itself.
You skewer the black bear like a kebab!!!
You kill the black bear!
Vehumet accepts your kill.
There is a stone staircase leading down here.
You climb downwards.
The death yak bellows!
You hear a bellow! x2; The death yak bellows!
Found a staircase to the Lair.
There is a stone staircase leading up here.
A death yak comes into view.
Casting: Hailstorm (dangerous; 6% risk of failure)
Confirm with . or Enter, or press ? or * to list all spells.
Aiming: Inner Flame (dangerous; 34% risk of failure)
Press: ? - help, Dir - move target, f - death yak
Aim: a death yak (chance to affect: 4%)
You feel a surge of power!
The death yak resists with almost no effort.
Malevolent energies surge around you.
Casting: Inner Flame (dangerous; 34% risk of failure)
Confirm with . or Enter, or press ? or * to list all spells.
Aiming: Inner Flame (dangerous; 34% risk of failure)
Press: ? - help, Dir - move target, f/p - death yak
Aim: a death yak (chance to affect: 4%)
You feel a surge of power!
The death yak resists with almost no effort.
Malevolent energies surge around you.
A death yak comes into view.
The death yak gores you. The death yak gores you!! The death yak misses you.
There is a stone staircase leading up, spattered with blood here.
You can't go down here!
The death yak barely misses you. The death yak gores you.
The death yak gores you but does no damage.
You climb upwards.
There is a stone staircase leading down here.
You can't go up here!
The death yak gores you!!
* * * LOW HITPOINT WARNING * * *
The death yak gores you!!
You die...

#.### #######...###
............######
....#.#.#.#......#
............####.#
....#.#.#.#.# #.#
............## #.#
....#.#.#.#..###Y######
...............Y@Y....#
....#.#.#.#.#########.#
......................#
..........#############
.######...............#
## ##....###########.#
#............. #.#
##.#............##.#
##..#............##.#


You could see 3 death yaks.

Vanquished Creatures
  Pikel (D:4)
  Prince Ribbit (D:8)
  Edmund (D:6)
  A water moccasin (D:6)
  Duvessa (D:4)
  An orc warrior (D:8)
  2 ice beasts (D:6)
  A black bear (D:8)
  A phantom (D:4)
  3 centaurs
  An elf zombie (Ossuary)
  A kobold brigand (D:6)
  2 bullfrogs
  A scorpion (D:5)
  A gnoll sergeant (D:8)
  Dowan (D:4)
  A howler monkey (D:4)
  A human zombie (Ossuary)
  6 orc priests
  6 hounds
  2 jellies (D:4)
  A sleepcap (D:6)
  An iguana (D:6)
  6 orc wizards
  2 hound zombies (Ossuary)
  4 mummies (Ossuary)
  6 gnolls
  5 adders
  A shadow imp (D:7)
  A white imp (D:5)
  An ufetubus (D:4)
  2 adder zombies (Ossuary)
  4 dart slugs
  15 orcs
  13 ball pythons
  5 endoplasms
  7 giant cockroaches
  A gnoll zombie (Ossuary)
  11 goblins
  6 hobgoblins
  8 jackals
  2 quokkas (D:1)
  11 bats
  4 frilled lizards (D:1)
  2 hobgoblin zombies (Ossuary)
  A jackal zombie (Ossuary)
  9 kobolds
  2 kobold zombies (Ossuary)
  7 rats
174 creatures vanquished.

Vanquished Creatures (others)
  A hobgoblin (D:3)
1 creature vanquished.

Grand Total: 175 creatures vanquished

Notes
Turn   | Place    | Note
-------+----------+-------------------------------------------
     0 | D:1      | CaptainMV the Demonspawn Wanderer began the quest for the
                  | Orb.
     0 | D:1      | CaptainMV set off with the following items: a +1
                  | quarterstaff, a scroll of fear, a +0 robe; and the
                  | following spell memorised: Freeze; and the following spells
                  | available to memorise: Ensorcelled Hibernation, Hailstorm.
     0 | D:1      | Reached XP level 1. HP: 18/18 MP: 2/2
    94 | D:1      | Gained mutation: Spells you cast may paralyse adjacent
                  | enemies. [demonic ancestry]
    94 | D:1      | Reached XP level 2. HP: 24/24 MP: 0/3
   184 | D:1      | Found a faded altar of an unknown god.
   563 | D:1      | Reached skill level 1 in Stealth
   563 | D:1      | Reached XP level 3. HP: 21/29 MP: 1/5
   801 | D:2      | Learned a level 3 spell: Hailstorm
   985 | D:2      | Gained mutation: You have sharp fingernails. [demonic
                  | ancestry]
   985 | D:2      | Reached XP level 4. HP: 20/35 MP: 3/6
  1419 | D:3      | HP: 1/35 [hobgoblin (1)]
  1595 | D:3      | Gained mutation: You are partially covered in slimy green
                  | scales. (AC +2) [demonic ancestry]
  1595 | D:3      | Reached XP level 5. HP: 41/41 MP: 1/7
  2344 | D:4      | Reached skill level 1 in Short Blades
  2358 | D:4      | Noticed a phantom
  2410 | D:4      | Killed a phantom
  2411 | D:4      | Reached XP level 6. HP: 31/47 MP: 9/9
  2518 | D:4      | Found a sand-covered staircase.
  2531 | Ossuary  | Entered an ossuary
  2588 | Ossuary  | Reached XP level 7. HP: 29/52 MP: 2/10
  2839 | D:4      | Noticed Duvessa
  2847 | D:4      | Noticed Dowan
  2854 | D:4      | HP: 2/53 [Duvessa/+0 short sword (7)]
  3127 | D:4      | Killed Duvessa
  3128 | D:4      | Reached skill level 5 in Ice Magic
  3141 | D:4      | Killed Dowan
  3208 | D:4      | Found a shimmering altar of Xom.
  3336 | D:4      | Learned a level 3 spell: Vhi's Electric Charge
  3385 | D:4      | Noticed Pikel
  3389 | D:4      | Killed Pikel
  3390 | D:4      | Reached skill level 5 in Stealth
  3390 | D:4      | Reached skill level 1 in Conjurations
  3390 | D:4      | Reached XP level 8. HP: 57/60 MP: 8/13
  3516 | D:5      | Entered Level 5 of the Dungeon
  3558 | D:5      | Found an ornate altar of the Wu Jian Council.
  3877 | D:5      | Reached skill level 1 in Air Magic
  4038 | D:6      | Found a radiant altar of Vehumet.
  4090 | D:6      | Found an ancient bone altar of Kikubaaqudgha.
  4090 | D:6      | Noticed Edmund
  4101 | D:6      | Killed Edmund
  4175 | D:6      | Gained mutation: You have very sharp fingernails. [demonic
                  | ancestry]
  4175 | D:6      | Reached XP level 9. HP: 47/65 MP: 13/15
  4201 | D:6      | Became a worshipper of Vehumet
  4221 | D:6      | Found a burning altar of Makhleb.
  4403 | D:7      | Found a stormy altar of Qazlal.
  4551 | D:7      | Found Fuubaid's Distillery.
  4631 | D:7      | Found a staircase to the Ecumenical Temple.
  4653 | Temple   | Entered the Ecumenical Temple
  4782 | D:8      | Noticed Prince Ribbit
  4789 | D:8      | Killed Prince Ribbit
  4792 | D:8      | Reached skill level 5 in Spellcasting
  4792 | D:8      | Reached * piety under Vehumet
  4792 | D:8      | Offered knowledge of Magic Dart by Vehumet.
  5060 | D:8      | Identified a scroll of acquirement
  5060 | D:8      | Acquired 1301 gold pieces
  5069 | D:8      | Learned a level 3 spell: Inner Flame
  5376 | D:8      | Found an iron altar of Okawaru.
  5622 | D:9      | Noticed a death yak
  5622 | D:9      | Noticed a death yak
  5622 | D:9      | Found a staircase to the Lair.
  5623 | D:9      | Noticed a death yak
  5626 | D:9      | Noticed a death yak
  5629 | D:9      | Noticed a death yak
  5631 | D:8      | Slain by a death yak

Illustrated notes

Levels and vault maps discovered:
D:1:      saegor_arrival_simple_e, layout_loops_corners,
          shapermc_ecumenical_altar_starsandcircs
D:2:      layout_loops_ring, minmay_goblin_outpost
D:3:      layout_basic, minivault_25, minmay_misc_feat_columns
D:4:      layout_basic, mainiacjoe_overflow_brackets, dk_xom_monty_hall,
          nicolae_ossuary_entry_ruins, eino_small_chamber_without_monster,
          uniq_pikel, uniq_duvessa
D:5:      layout_loops_ring, kennysheep_mini_moat, minivault_4,
          grunt_decor_clamped
D:6:      layout_basic, kiku_gazebo_pond_becter, makhleb_heckhound_becter,
          lemuel_tele_altar, uniq_edmund
D:7:      layout_basic, grunt_qazlal_sundering, minmay_temple_entry_wispy,
          serial_co_window_serial, co_window_paths_b, co_window_paths_a,
          co_window_paths_b, co_window_paths_a, co_window_corner_a,
          co_window_corner_a, co_window_paths_b, co_window_2corner,
          co_window_cross_3, co_window_cross_4, co_window_broadway_b,
          co_window_corner_b, glass_columns_a, glass_columns_a, glass_columns_a,
          glass_columns_b, serial_shops,
          nicolae_shop_temple_entry_statues_fountains, kb_lookout_dungeons_type
D:8:      layout_basic, mainiacjoe_overflow_alcove_2, serial_glass,
          glass_columns_a, glass_columns_c, uniq_prince_ribbit1
D:9:      layout_irregular_city, mainiacjoe_overflow_catch_the_wave,
          amethyst_overflow_temple_binary, dpeg_lair_monsters
Temple:   nicolae_temple_figure_zero

Skill      XL: |  1  2  3  4  5  6  7  8  9 |
---------------+----------------------------+-----
Ice Magic      | 4 5 6 |  6.7
Stealth        | 1 2 3 5 6 |  6.6
Spellcasting   | 2 3 4 5 |  5.4
Short Blades   | 1 2 3 4 |  4.0
Dodging        | 2 3 |  3.5
Conjurations   | 1 2 |  2.3
Air Magic      | 1 2 |  2.1
Fighting       | 4 |  4.1
Staves         | |  1.1
Hexes          | |  0.4
Translocations | |  0.7
Fire Magic     | |  0.3
Evocations     | |  0.2

Action                     |  1- 3 |  4- 6 |  7- 9 || total
---------------------------+-------+-------+-------++-------
  Melee: Quarterstaff      |    23 |       |       ||    23
         Dagger            |    45 |   219 |   119 ||   383
         Punch             |       |     1 |     3 ||     4
   Cast: Freeze            |    35 |    19 |    50 ||   104
         Hailstorm         |     1 |    11 |    19 ||    31
         Vhi's Electric Ch |       |       |     7 ||     7
         Inner Flame       |       |       |     8 ||     8
  Evoke: Wand              |       |       |     4 ||     4
    Use: Scroll            |     6 |     3 |     9 ||    18
         Potion            |       |       |     7 ||     7
   Stab: Paralysed         |    17 |    34 |    31 ||    82
         Sleeping          |     2 |     9 |     4 ||    15
         Distracted        |     1 |       |       ||     1
 Armour: Robe              |    19 |    54 |    32 ||   105
  Dodge: Dodged            |    75 |   126 |    67 ||   268
